 Dungeon Crawl Stone Soup version 0.21.2-1-g0862bd23eb (webtiles) character file.

10407 MordorOrchid the Reanimator (level 11, -2/83 HPs)
             Began as a Gnoll Necromancer on Jan 9, 2020.
             Was a Believer of Cheibriados.
             Slain by a death yak simulacrum (10 damage)
             ... in an ice cave.
             The game lasted 01:02:21 (6612 turns).

MordorOrchid the Reanimator (Gnoll Necromancer)     Turns: 6612, Time: 01:02:22

Health: -2/83      AC: 13    Str: 20    XL:     11   Next: 61%
Magic:  22/23      EV: 16    Int: 26    God:    Cheibriados [**....]
Gold:   256        SH:  0    Dex: 21    Spells: 12/27 levels left

rFire    + . .     SeeInvis .   a - +1 scimitar (flame)
rCold    + + .     Gourm    +   E - +0 shield
rNeg     . . .     Faith    .   W - +2 ring mail {rC+}
rPois    +         Spirit   .   e - +2 hat
rElec    .         Reflect  .   B - scarf {rC+ rF+}
rCorr    .         Harm     .   w - +2 pair of gloves
MR       .....                  (no boots)
Stlth    +.........             i - amulet of the gourmand
HPRegen  0.23/turn              O - ring of poison resistance
MPRegen  0.18/turn              r - ring of wizardry

@: confused, mighty, very slow
A: distributed training, fangs 1, strong nose
a: Bend Time, Renounce Religion


You were in an ice cave.
You worshipped Cheibriados.
Cheibriados was pleased with you.
You were very full.

You visited 3 branches of the dungeon, and saw 13 of its levels.
You also visited: Ice Cave.

You collected 605 gold pieces.
You spent 349 gold pieces at shops.

Inventory:

Hand Weapons
 a - a +1 scimitar of flaming (weapon)
 b - a +5 blowgun
 j - a +0 hunting sling
 p - a +0 trident
 y - a +2 dagger
 M - a +1 whip of electrocution
 V - a +4 war axe
Missiles
 l - 5 tomahawks (quivered)
 t - 71 poisoned needles
 I - 15 sling bullets
 Z - 2 javelins of penetration
Armour
 e - a +2 hat (worn)
 n - the +14 plate armour of the Endless Souls {+Inv rC- rN+++ Int+3, unknown}
   (You acquired it on level 2 of the Lair of Beasts)

   It affects your intelligence (+3).
   It makes you vulnerable to cold.
   It renders you almost immune to negative energy.
   It lets you turn invisible.
 w - a +2 pair of gloves (worn)
 B - a scarf of resistance (worn)
 E - a +0 shield (worn)
 N - the +1 scale mail of Xom's Envy {rC+ rCorr}
   (You found it on level 1 of the Lair of Beasts)

   It protects you from cold.
   It protects you from acid and corrosion.
 W - a +2 ring mail of cold resistance (worn)
Magical Staves
 R - an uncursed staff of fire
Jewellery
 i - an amulet of the gourmand (around neck)
 k - an uncursed ring of magical power
 r - a ring of wizardry (right hand)
 v - an uncursed ring of positive energy
 C - an uncursed ring of flight
 G - an uncursed ring of ice
 O - a ring of poison resistance (left hand)
 Q - an uncursed ring of see invisible
 T - an uncursed ring of protection from magic
Wands
 H - a wand of polymorph (11)
 J - a wand of flame (28)
Scrolls
 d - 2 scrolls of noise
 f - 3 scrolls of enchant armour
 h - 5 scrolls of remove curse
 o - 3 scrolls of fear
 q - 7 scrolls of teleportation
 F - a scroll of fog
 Y - a scroll of summoning {unknown}
Potions
 g - 6 potions of curing
 s - a potion of ambrosia
 D - a potion of berserk rage {unknown}
 L - a potion of mutation
 X - a potion of flight {unknown}
Comestibles
 c - 14 rations


   Skills:
 + Level 6.7 Fighting
 + Level 6.7 Short Blades
 + Level 6.7 Long Blades
 + Level 6.7 Axes
 + Level 6.7 Maces & Flails
 + Level 6.7 Polearms
 + Level 6.7 Staves
 + Level 6.7 Slings
 + Level 6.7 Bows
 + Level 6.7 Crossbows
 + Level 6.7 Throwing
 + Level 6.7 Armour
 + Level 8.2 Dodging
 + Level 8.0 Stealth
 + Level 6.7 Shields
 + Level 6.7 Unarmed Combat
 + Level 8.5 Spellcasting
 + Level 5.6 Conjurations
 + Level 5.6 Hexes
 + Level 5.6 Charms
 + Level 5.6 Summonings
 + Level 9.1 Necromancy
 + Level 5.6 Translocations
 + Level 5.6 Transmutations
 + Level 5.6 Fire Magic
 + Level 5.6 Ice Magic
 + Level 5.6 Air Magic
 + Level 5.6 Earth Magic
 + Level 5.6 Poison Magic
 + Level 7.4 Invocations
 + Level 6.7 Evocations


You had 12 spell levels left.
You knew the following spells:

 Your Spells              Type           Power        Failure   Level  Hunger
a - Pain                  Necr           ####         1%          1    None
k - Regeneration          Chrm/Necr      #####.....   1%          3    None
u - Animate Skeleton      Necr           N/A          1%          1    None
v - Vampiric Draining     Necr           ######....   1%          3    None
z - Apportation           Tloc           #####.       1%          1    None
A - Confusing Touch       Hex            #####.       1%          1    None
E - Borgnjor's Vile Clut  Necr/Erth      #####.....   13%         5    ####...


Dungeon Overview and Level Annotations

Branches:
Dungeon (10/15)            Temple (1/1) D:7            Lair (2/6) D:10
    Orc (0/2) D:9
  Swamp: Lair:2-4    Shoals: Lair:2-4     Snake: Lair:2-4    Spider: Lair:2-4

Altars:
Ashenzari
Cheibriados
Dithmenos
Elyvilon
Fedhas
Hepliaklqana
Kikubaaqudgha
Makhleb
Nemelex Xobeh
Okawaru
Qazlal
Ru
Sif Muna
Trog
Uskayaw
Wu Jian
Xom
Yredelemnul
Zin

Shops:
D:6 *   D:7 !?

Annotations:
D:10 MordorOrchid's ghost, novice TrNe; Nergalle


Innate Abilities, Weirdness & Mutations

Your experience applies equally to all skills.
You have very sharp teeth.
Your uncanny sense of smell can sniff out nearby items.


Message History

You hit the death yak simulacrum.
You melt the death yak simulacrum.
The death yak simulacrum is lightly damaged.
You block the alligator simulacrum's attack.
The alligator simulacrum tail-slaps you.
* * * LOW HITPOINT WARNING * * *
The alligator simulacrum freezes you. You resist.
* * * LOW HITPOINT WARNING * * *
The death yak simulacrum barely misses you.
Unknown command.
You are confused.
You feel invigorated. The polar bear simulacrum misses you.
The polar bear simulacrum barely misses you.
The polar bear simulacrum closely misses you.
The alligator simulacrum barely misses you.
The alligator simulacrum tail-slaps you but does no damage.
You bump into the ice covered rock wall.
The death yak simulacrum gores you!
* * * LOW HITPOINT WARNING * * *
The death yak simulacrum freezes you! You resist.
You die...

#####
##...##
##..∩..##
#.......#
#...∩Z..#
##...Z@##
##..Z##
#...#
##...
#..Z#
...##
...## ..#


You could see an alligator simulacrum, a death yak simulacrum and a polar bear
simulacrum.

Vanquished Creatures
  2 hydras (Lair:1)
  2 two-headed ogres
  Pikel (D:8)
  A black mamba (Lair:1)
  A spiny frog (Lair:1)
  A wolf spider simulacrum (IceCv)
  Grinder (D:5)
  6 hippogriffs
  Duvessa (D:7)
  3 water moccasins
  A porcupine (Lair:1)
  9 ice beasts
  A sky beast (D:9)
  2 phantoms
  A slave (D:8)
  An orc warrior (D:6)
  2 ogres
  A centaur (D:6)
  4 bullfrogs
  Dowan (D:7)
  2 scorpions
  3 killer bees (D:10)
  6 wights
  An electric eel (Lair:1)
  A howler monkey (D:9)
  5 crimson imps
  A bullfrog zombie (D:4)
  4 orc priests
  3 hounds
  4 orc wizards
  3 bullfrog skeletons
  A centaur skeleton (D:8)
  An iguana (D:8)
  5 worker ants
  A hound zombie (D:6)
  2 hound skeletons
  A worker ant zombie (D:9)
  7 adders
  A howler monkey skeleton (D:8)
  2 shadow imps
  4 oozes
  2 adder zombies
  An adder skeleton (D:9)
  A worm (D:2)
  A dart slug (D:2)
  8 leopard geckos
  28 orcs
  2 giant cockroaches
  5 goblins
  3 hobgoblins
  3 jackals (D:8)
  6 kobolds
  3 quokkas
  4 frilled lizards
  3 leopard gecko skeletons
  4 rats
174 creatures vanquished.

Vanquished Creatures (collateral kills)
  A hippogriff (Lair:1)
  A water moccasin (Lair:1)
  An ogre (D:9)
  A bullfrog (D:9)
  2 howler monkeys (D:9)
  A centaur zombie (D:6)
  A centaur skeleton (D:7)
  An iguana (D:5)
  An orc wizard (D:5)
  An adder (D:9)
  A shadow imp (D:5)
  3 orcs
  A jackal (D:8)
  A jackal zombie (D:5)
17 creatures vanquished.

Vanquished Creatures (others)
  A fungus (Lair:2)
1 creature vanquished.

Grand Total: 192 creatures vanquished

Notes
Turn   | Place    | Note
-------+----------+-------------------------------------------
     0 | D:1      | MordorOrchid the Gnoll Necromancer began the quest for the Orb.
     0 | D:1      | Reached XP level 1. HP: 13/13 MP: 6/6
     2 | D:1      | Learned a level 1 spell: Animate Skeleton
   214 | D:1      | Reached XP level 2. HP: 19/19 MP: 5/7
   691 | D:2      | Reached skill level 5 in Spellcasting
   691 | D:2      | Reached XP level 3. HP: 19/25 MP: 6/9
   846 | D:2      | Learned a level 3 spell: Vampiric Draining
   850 | D:2      | Learned a level 3 spell: Regeneration
   945 | D:3      | Reached skill level 1 in Invocations
  1005 | D:3      | Reached skill level 1 in Fighting
  1005 | D:3      | Reached skill level 1 in Short Blades
  1005 | D:3      | Reached skill level 1 in Long Blades
  1005 | D:3      | Reached skill level 1 in Axes
  1005 | D:3      | Reached skill level 1 in Maces & Flails
  1005 | D:3      | Reached skill level 1 in Polearms
  1005 | D:3      | Reached skill level 1 in Staves
  1005 | D:3      | Reached skill level 1 in Slings
  1005 | D:3      | Reached skill level 1 in Bows
  1005 | D:3      | Reached skill level 1 in Crossbows
  1005 | D:3      | Reached skill level 1 in Throwing
  1005 | D:3      | Reached skill level 1 in Armour
  1005 | D:3      | Reached skill level 1 in Shields
  1005 | D:3      | Reached skill level 1 in Unarmed Combat
  1005 | D:3      | Reached skill level 1 in Evocations
  1005 | D:3      | Reached XP level 4. HP: 14/32 MP: 1/11
  1117 | D:3      | Found a hazy altar of Hepliaklqana.
  1147 | D:3      | Found an ornate altar of the Wu Jian Council.
  1223 | D:3      | Found an iron altar of Okawaru.
  1543 | D:3      | Reached skill level 1 in Conjurations
  1543 | D:3      | Reached skill level 1 in Hexes
  1543 | D:3      | Reached skill level 1 in Charms
  1543 | D:3      | Reached skill level 1 in Summonings
  1543 | D:3      | Reached skill level 1 in Translocations
  1543 | D:3      | Reached skill level 1 in Transmutations
  1543 | D:3      | Reached skill level 1 in Fire Magic
  1543 | D:3      | Reached skill level 1 in Ice Magic
  1543 | D:3      | Reached skill level 1 in Air Magic
  1543 | D:3      | Reached skill level 1 in Earth Magic
  1543 | D:3      | Reached skill level 1 in Poison Magic
  1548 | D:3      | Reached XP level 5. HP: 15/37 MP: 5/12
  1971 | D:4      | Noticed an ogre
  1981 | D:4      | Killed an ogre
  1981 | D:4      | Reached XP level 6. HP: 37/44 MP: 3/14
  2004 | D:4      | Reached skill level 5 in Dodging
  2286 | D:4      | Learned a level 5 spell: Borgnjor's Vile Clutch
  2295 | D:5      | Entered Level 5 of the Dungeon
  2506 | D:5      | Reached XP level 7. HP: 35/50 MP: 7/15
  2519 | D:5      | Noticed Grinder
  2532 | D:5      | Paralysed by Grinder for 7 turns
  2541 | D:5      | Paralysed by Grinder for 3 turns
  2593 | D:5      | Paralysed by Grinder for 5 turns
  2652 | D:5      | Killed Grinder
  2747 | D:5      | Reached skill level 5 in Stealth
  2886 | D:5      | Found an ancient bone altar of Kikubaaqudgha.
  2890 | D:5      | Found a shattered altar of Ashenzari.
  3226 | D:6      | Reached XP level 8. HP: 57/57 MP: 8/16
  3654 | D:6      | Reached skill level 5 in Fighting
  3654 | D:6      | Reached skill level 5 in Short Blades
  3654 | D:6      | Reached skill level 5 in Long Blades
  3654 | D:6      | Reached skill level 5 in Axes
  3654 | D:6      | Reached skill level 5 in Maces & Flails
  3654 | D:6      | Reached skill level 5 in Polearms
  3654 | D:6      | Reached skill level 5 in Staves
  3654 | D:6      | Reached skill level 5 in Slings
  3654 | D:6      | Reached skill level 5 in Bows
  3654 | D:6      | Reached skill level 5 in Crossbows
  3654 | D:6      | Reached skill level 5 in Throwing
  3654 | D:6      | Reached skill level 5 in Armour
  3654 | D:6      | Reached skill level 5 in Shields
  3654 | D:6      | Reached skill level 5 in Unarmed Combat
  3654 | D:6      | Reached skill level 8 in Necromancy
  3654 | D:6      | Reached skill level 5 in Invocations
  3654 | D:6      | Reached skill level 5 in Evocations
  3654 | D:6      | Reached XP level 9. HP: 66/68 MP: 13/20
  3678 | D:6      | Found Toni's Assorted Antiques.
  3685 | D:6      | Bought a dented golden amulet for 110 gold pieces
  3685 | D:6      | Bought an orange potion for 19 gold pieces
  3685 | D:6      | Bought a glowing iron wand for 88 gold pieces
  3701 | D:6      | Found a white marble altar of Elyvilon.
  3995 | D:7      | Noticed Dowan
  4087 | D:7      | Found Nuyrus's Distillery.
  4121 | D:7      | Bought a potion of might for 44 gold pieces
  4121 | D:7      | Bought a potion of heal wounds for 55 gold pieces
  4121 | D:7      | Bought a potion of curing for 33 gold pieces
  4145 | D:7      | Found Qiejikh's Magic Scroll Boutique.
  4205 | D:7      | Learned a level 1 spell: Confusing Touch
  4219 | D:7      | Noticed Duvessa
  4232 | D:7      | Killed Duvessa
  4238 | D:7      | Killed Dowan
  4284 | D:7      | Found a staircase to the Ecumenical Temple.
  4341 | Temple   | Entered the Ecumenical Temple
  4379 | Temple   | Became a worshipper of Cheibriados the Contemplative
  4439 | D:7      | Reached XP level 10. HP: 75/75 MP: 19/21
  4470 | D:7      | Noticed an angel
  4473 | D:7      | Found a glowing silver altar of Zin.
  4591 | D:8      | Noticed a two-headed ogre
  4805 | D:8      | Killed a two-headed ogre
  4986 | D:8      | Noticed Pikel
  5004 | D:8      | Killed Pikel
  5021 | D:8      | Found a stormy altar of Qazlal.
  5021 | D:8      | Found a bloodstained altar of Trog.
  5196 | D:8      | Learned a level 1 spell: Apportation
  5228 | D:8      | Reached * piety under Cheibriados
  5351 | D:9      | Noticed a two-headed ogre
  5361 | D:9      | Killed a two-headed ogre
  5361 | D:9      | Reached skill level 5 in Conjurations
  5361 | D:9      | Reached skill level 5 in Hexes
  5361 | D:9      | Reached skill level 5 in Charms
  5361 | D:9      | Reached skill level 5 in Summonings
  5361 | D:9      | Reached skill level 5 in Translocations
  5361 | D:9      | Reached skill level 5 in Transmutations
  5361 | D:9      | Reached skill level 5 in Fire Magic
  5361 | D:9      | Reached skill level 5 in Ice Magic
  5361 | D:9      | Reached skill level 5 in Air Magic
  5361 | D:9      | Reached skill level 5 in Earth Magic
  5361 | D:9      | Reached skill level 5 in Poison Magic
  5446 | D:9      | Reached ** piety under Cheibriados
  5555 | D:9      | Found a staircase to the Orcish Mines.
  5563 | D:9      | Found a basalt altar of Yredelemnul.
  5658 | D:10     | Entered Level 10 of the Dungeon
  5658 | D:10     | Noticed Nergalle
  5697 | D:10     | Found a staircase to the Lair.
  5784 | D:10     | Found an ancient bone altar of Kikubaaqudgha.
  5791 | D:10     | Reached XP level 11. HP: 81/81 MP: 23/23
  5836 | D:10     | Noticed MordorOrchid's ghost (novice TrNe)
  5880 | Lair:1   | Entered Level 1 of the Lair of Beasts
  5999 | Lair:1   | Noticed a seven-headed hydra
  6010 | Lair:1   | Killed a five-headed hydra
  6010 | Lair:1   | Reached skill level 9 in Necromancy
  6012 | Lair:1   | HP: 1/83 [hippogriff (4)]
  6061 | Lair:1   | Got a scorched scale mail
  6237 | Lair:1   | Identified the +1 scale mail of Xom's Envy {rC+ rCorr} (You found it on level 1 of the Lair of Beasts)
  6344 | Lair:1   | Noticed a seven-headed hydra
  6354 | Lair:1   | Killed a five-headed hydra
  6435 | Lair:2   | Identified a scroll of acquirement
  6461 | Lair:2   | Found a frozen archway.
  6596 | Lair:2   | Got a slimy plate armour
  6598 | IceCv    | Entered an ice cave
  6612 | IceCv    | Slain by a death yak simulacrum

Skill      XL: |  1  2  3  4  5  6  7  8  9 10 11 |
---------------+----------------------------------+-----
Spellcasting   | 5 7 8 |  8.5
Invocations    | 1 2 3 5 6 7 |  7.4
Fighting       | 1 2 5 6 |  6.7
Short Blades   | 1 2 5 6 |  6.7
Long Blades    | 1 2 5 6 |  6.7
Axes           | 1 2 5 6 |  6.7
Maces & Flails | 1 2 5 6 |  6.7
Polearms       | 1 2 5 6 |  6.7
Staves         | 1 2 5 6 |  6.7
Slings         | 1 2 5 6 |  6.7
Bows           | 1 2 5 6 |  6.7
Crossbows      | 1 2 5 6 |  6.7
Throwing       | 1 2 5 6 |  6.7
Armour         | 1 2 5 6 |  6.7
Shields        | 1 2 5 6 |  6.7
Unarmed Combat | 1 2 5 6 |  6.7
Evocations     | 1 2 5 6 |  6.7
Conjurations   | 1 2 4 5 |  5.6
Hexes          | 1 2 4 5 |  5.6
Charms         | 1 2 4 5 |  5.6
Summonings     | 1 2 4 5 |  5.6
Translocations | 1 2 4 5 |  5.6
Transmutations | 1 2 4 5 |  5.6
Fire Magic     | 1 2 4 5 |  5.6
Ice Magic      | 1 2 4 5 |  5.6
Air Magic      | 1 2 4 5 |  5.6
Earth Magic    | 1 2 4 5 |  5.6
Poison Magic   | 1 2 4 5 |  5.6
Dodging        | 5 7 8 |  8.2
Stealth        | 5 6 7 8 |  8.0
Necromancy     | 8 9 |  9.1

Action                   |  1- 3 |  4- 6 |  7- 9 | 10-12 || total
-------------------------+-------+-------+-------+-------++-------
Melee: Dagger            |     9 |    19 |       |     2 ||    30
       Bite              |     1 |     7 |    26 |    32 ||    66
       Falchion          |       |    33 |   102 |       ||   135
       Trident           |       |       |     2 |       ||     2
       Whip              |       |       |    80 |    59 ||   139
       War axe           |       |       |       |    45 ||    45
       Scimitar          |       |       |       |   119 ||   119
       Unarmed           |       |       |       |     2 ||     2
 Fire: Blowgun           |       |       |    10 |    11 ||    21
       Hunting sling     |       |       |     9 |       ||     9
Throw: Tomahawk          |       |       |     2 |     3 ||     5
 Cast: Pain              |    30 |    77 |    84 |    62 ||   253
       Animate Skeleton  |    10 |    12 |    12 |    19 ||    53
       Vampiric Draining |       |     4 |     8 |    11 ||    23
       Regeneration      |       |     1 |     5 |     8 ||    14
       Confusing Touch   |       |       |     1 |     4 ||     5
       Apportation       |       |       |       |     2 ||     2
Invok: Bend Time         |       |       |       |     7 ||     7
 Abil: Evoke Flight      |       |     1 |       |       ||     1
Evoke: Wand              |       |       |    19 |     7 ||    26
  Use: Scroll            |    10 |     5 |     3 |     9 ||    27
       Potion            |     1 |     1 |     8 |     6 ||    16
 Stab: Sleeping          |     4 |     2 |     1 |     3 ||    10
       Distracted        |       |       |     1 |     3 ||     4
       Confused          |       |       |       |     2 ||     2
  Eat: Chunk             |       |     5 |     8 |    14 ||    27
Armor: Ring mail         |     2 |    25 |    52 |    83 ||   162
       Skin              |       |       |    11 |       ||    11
Dodge: Dodged            |     2 |    28 |    75 |   160 ||   265
Block: Shield            |       |    10 |    77 |   143 ||   230
       Rpst.: Falchion   |       |     3 |    15 |       ||    18
       Scimitar          |       |       |       |    24 ||    24
